 Dungeon Crawl Stone Soup version 0.23.2-1-ga50397a (webtiles) character file.

Game seed: 4698558202524621248

22673 Kahsius the Severer (level 12, -1/112 HPs)
             Began as a Minotaur Berserker on May 7, 2019.
             Was a High Priest of Trog.
             Slain by a profane servitor
             ... wielding a +3 whip of pain
              (4 damage)
             ... on level 2 of the Abyss on May 15, 2019.
             The game lasted 00:40:35 (14325 turns).

Kahsius the Severer (Minotaur Berserker)           Turns: 14325, Time: 00:40:36

Health: -1/112     AC: 17    Str: 25    XL:     12   Next: 65%
Magic:  11/11      EV: 25    Int:  4    God:    Trog [*****.]
Gold:   750        SH:  9    Dex: 15    Spells: 11/11 levels left

rFire    + . .     SeeInvis .   z - +4 war axe (chop)
rCold    . . .     Gourm    .   x - +1 shield of Ynah {Str+3}
rNeg     . . .     Faith    .   H - +0 plate armour
rPois    .         Spirit   .   (helmet restricted)
rElec    .         Reflect  .   (no cloak)
rCorr    .         Harm     .   (no gloves)
MR       ++...                  R - +1 pair of boots
Stlth    ..........             J - amulet of the acrobat
HPRegen  1.28/turn              l - ring of protection from fire
MPRegen  0.12/turn              (no ring)

@: about to teleport, berserk cooldown, acrobat, regenerating, wreathed by umbra
A: retaliatory headbutt, horns 2
a: Berserk, Trog's Hand, Brothers in Arms, Renounce Religion


You were on level 2 of the Abyss.
You worshipped Trog.
Trog was extremely pleased with you.
You were not hungry.

You visited 2 branches of the dungeon, and saw 14 of its levels.
You visited the Abyss 1 time.
You also visited: Ossuary and Volcano.

You collected 1126 gold pieces.
You spent 376 gold pieces at shops.

Inventory:

Hand Weapons
 i - a +3 war axe
 z - a +4 war axe of chopping (weapon)
 P - a +0 quarterstaff of freezing
 U - a +3 battleaxe of flaming
Armour
 x - the +1 shield of Ynah (worn) {Str+3}
   (You bought it in a shop on level 6 of the Dungeon)

   It affects your strength (+3).
 H - a +0 plate armour (worn)
 R - a +1 pair of boots (worn)
 V - a +3 ring mail of cold resistance
Jewellery
 l - a ring of protection from fire (left hand)
 I - an uncursed ring of see invisible {unknown}
 J - an amulet of the acrobat (around neck)
 N - an uncursed ring of ice
Wands
 a - a wand of acid (9)
 m - a wand of digging (3)
 o - a wand of polymorph (10)
 G - a wand of iceblast (7)
 K - a wand of flame (38)
Scrolls
 d - 7 scrolls of immolation
 f - 7 scrolls of identify
 h - 5 scrolls of teleportation
 k - 7 scrolls of remove curse
 p - 3 scrolls of blinking
 q - a scroll of enchant weapon
 t - 3 scrolls of magic mapping {unknown}
 v - a scroll of vulnerability {unknown}
 w - 2 scrolls of holy word {unknown}
 y - 2 scrolls of random uselessness {unknown}
 A - a scroll of noise {unknown}
 O - 2 scrolls of fog {unknown}
 T - a scroll of torment {unknown}
Potions
 b - a potion of heal wounds {unknown}
 e - 3 potions of agility
 g - a potion of ambrosia
 j - 2 potions of mutation
 n - a potion of resistance {unknown}
 r - 4 potions of flight
 s - 2 potions of magic
 u - 4 potions of might
 B - a potion of lignification
 C - 3 potions of brilliance
 D - 2 potions of invisibility {unknown}
 F - a potion of degeneration {unknown}
 L - 5 potions of curing
 M - a potion of haste {unknown}
Comestibles
 c - 25 rations


   Skills:
 + Level 11.8 Fighting
 * Level 15.6 Axes
 + Level 11.6 Armour
 + Level 10.8 Dodging


You had 11 spell levels left.
You didn't know any spells.
Your spell library was empty.

Dungeon Overview and Level Annotations

Branches:
Dungeon (9/15)             Temple (0/1) D:6            Lair (5/6) D:9
 Shoals (0/4) Lair:4       Spider (0/4) Lair:2
  Slime: Lair:5-6       Orc: D:9-12

Altars:
Ashenzari
Cheibriados
Elyvilon
Fedhas
Makhleb
Qazlal
Sif Muna
Uskayaw
Wu Jian
Xom
Zin
The Shining One

Shops:
D:6 :*[(   D:9 *

Annotations:
Lair:5 1 runed translucent door, DavidChitty2's ghost, journeyman HOFi


Innate Abilities, Weirdness & Mutations

You reflexively headbutt those who attack you in melee.
You have a pair of horns on your head.


Message History

The profane servitor barely misses you.
The profane servitor hits you with a +3 whip of pain!
* * * LOW HITPOINT WARNING * * *
The profane servitor draws strength from your injuries!
You writhe in agony.
* * * LOW HITPOINT WARNING * * *
The profane servitor closely misses you.
You block the profane servitor's attack.
The profane servitor hits you but does no damage.
You writhe in agony!
* * * LOW HITPOINT WARNING * * *
The profane servitor completely misses you.
The profane servitor misses you.
You block the profane servitor's attack. x2
You feel yourself speed up.
The profane servitor hits you with a +3 whip of pain!
* * * LOW HITPOINT WARNING * * *
The profane servitor draws strength from your injuries!
You writhe in agony.
You die...

# . ### ##
..# ..# .
#.#
#.##..#
#.#......#
#@####
##A#.####
#
.#...#...#
.####..# #
#...# ##
#.......#
. # .
..#.#..#.#
# . .
#.##...###
. .# ##.


You could see a profane servitor.

Vanquished Creatures
  Rupert (Lair:5)
  Kirke (Lair:4)
  A catoblepas (Lair:4)
  Nergalle (Lair:3)
  Sonja (Lair:5)
  A spatial maelstrom (Abyss:2)
  3 wizards (Volcano)
  2 black mambas
  A merfolk siren (Lair:4)
  2 toenail golems (Volcano)
  A smoke demon (Abyss:2)
  5 spiny frogs
  A centaur skeleton (D:8)
  3 komodo dragons
  2 trolls (D:9)
  A hornet (Lair:2)
  2 hippogriffs
  Sigmund (D:6)
  A spriggan (D:7)
  A wyvern (D:8)
  2 fire bats (Lair:1)
  A basilisk (Lair:1)
  12 yaks
  6 hogs (Lair:4)
  A spatial vortex (Abyss:2)
  4 water moccasins
  6 porcupines
  2 orc warriors (D:7)
  2 sky beasts
  A black bear (Lair:1)
  A large abomination (Abyss:2)
  2 ice beasts
  2 ogres
  8 wolves
  A necrophage (D:9)
  A crocodile (Lair:1)
  2 centaurs (D:8)
  An elf zombie (Ossuary)
  A big kobold (D:7)
  Blork the orc (D:5)
  9 bullfrogs
  3 scorpions
  2 small abominations (Abyss:2)
  9 wights (D:7)
  4 electric eels
  5 crimson imps
  3 centaur zombies
  A bullfrog skeleton (D:8)
  6 hounds
  A jelly (D:8)
  3 human zombies (Ossuary)
  2 orc priests
  4 orc wizards
  Jessica (D:3)
  2 iguanas
  6 worker ants
  3 big kobold zombies (Ossuary)
  A hound skeleton (D:6)
  3 mummies (Ossuary)
  3 worker ant zombies
  Robin (D:2)
  3 gnolls (D:4)
  9 adders
  7 river rats (D:5)
  3 shadow imps
  An ooze (D:4)
  3 adder zombies (Ossuary)
  8 worms
  4 dart slugs
  2 leopard geckos
  13 orcs
  A ball python (D:3)
  7 giant cockroaches
  13 hobgoblins
  12 jackals
  18 kobolds
  11 quokkas
  6 bats
  4 frilled lizards
  A gnoll zombie (Ossuary)
  23 goblins
  6 goblin zombies
  5 hobgoblin zombies (Ossuary)
  3 jackal zombies (Ossuary)
  2 kobold zombies (Ossuary)
  A leopard gecko zombie (D:6)
  An orc zombie (Ossuary)
  5 quokka zombies
  28 rats
  2 rat zombies (Ossuary)
  A fire vortex (Lair:1)
  2 fungi
  A plant (Lair:3)
367 creatures vanquished.

Vanquished Creatures (others)
  Fannar (Lair:3)
  A human (Lair:4)
  A water moccasin (Lair:4)
  A quokka (D:4)
4 creatures vanquished.

Grand Total: 371 creatures vanquished

Notes
Turn   | Place    | Note
-------+----------+-------------------------------------------
     0 | D:1      | Kahsius the Minotaur Berserker began the quest for the Orb.
     0 | D:1      | Reached XP level 1. HP: 19/19 MP: 0/0
    34 | D:1      | Reached XP level 2. HP: 16/27 MP: 1/1
    51 | D:1      | Reached skill level 4 in Axes
   440 | D:1      | Reached ** piety under Trog
   460 | D:1      | Reached XP level 3. HP: 26/33 MP: 2/2
  1072 | D:2      | Noticed an angel
  1082 | D:2      | Found a shimmering altar of Xom.
  1082 | D:2      | Found a glowing silver altar of Zin.
  1191 | D:2      | Found a faded altar of an unknown god.
  1294 | D:2      | Noticed Robin
  1310 | D:2      | Reached XP level 4. HP: 36/40 MP: 3/3
  1313 | D:2      | Killed Robin
  1525 | D:2      | Reached *** piety under Trog
  1623 | D:2      | Found a glowing golden altar of the Shining One.
  1623 | D:2      | Found a snail-covered altar of Cheibriados.
  2006 | D:3      | Found a deep blue altar of Sif Muna.
  2043 | D:3      | Reached skill level 5 in Axes
  2234 | D:3      | Reached XP level 5. HP: 43/47 MP: 4/4
  2565 | D:3      | Noticed Jessica
  2570 | D:3      | Killed Jessica
  2572 | D:3      | Reached **** piety under Trog
  2742 | D:3      | Reached XP level 6. HP: 53/55 MP: 5/5
  2787 | D:4      | Reached skill level 5 in Fighting
  2787 | D:4      | Reached skill level 6 in Axes
  2895 | D:4      | Found an ornate altar of the Wu Jian Council.
  3119 | D:4      | Found a white marble altar of Elyvilon.
  3227 | D:4      | Reached XP level 7. HP: 22/61 MP: 6/6
  3292 | D:4      | Found a sand-covered staircase.
  3299 | Ossuary  | Entered an ossuary
  3544 | Ossuary  | Reached skill level 7 in Axes
  3544 | Ossuary  | Reached skill level 5 in Armour
  4006 | D:5      | Entered Level 5 of the Dungeon
  4012 | D:5      | Reached skill level 5 in Dodging
  4156 | D:5      | Found a hide-covered altar of Uskayaw.
  4157 | D:5      | Noticed a +0 hand axe
  4157 | D:5      | Noticed a +0 dagger
  4168 | D:5      | Found a shattered altar of Ashenzari.
  4213 | D:5      | Reached XP level 8. HP: 70/70 MP: 7/7
  4297 | D:5      | Reached skill level 8 in Axes
  4299 | D:5      | Reached ***** piety under Trog
  4545 | D:5      | Noticed Blork the orc
  4549 | D:5      | Killed Blork the orc
  5053 | D:5      | Received a gift from Trog
  5139 | D:6      | Found Muxum's Weapon Boutique.
  5226 | D:6      | Found a staircase to the Ecumenical Temple.
  5273 | D:6      | Noticed Sigmund
  5294 | D:6      | Reached skill level 9 in Axes
  5583 | D:6      | Found Imythaci's Armour Shoppe.
  5588 | D:6      | Bought the +1 shield of Ynah {Str+3} for 250 gold pieces
  5615 | D:6      | Found Uloppate's General Store.
  5625 | D:6      | Found Dizo's Book Emporium.
  5758 | D:6      | Found a burning altar of Makhleb.
  5835 | D:6      | Killed Sigmund
  6004 | D:7      | Found a blossoming altar of Fedhas.
  6008 | D:7      | Noticed a hippogriff
  6019 | D:7      | Killed a hippogriff
  6019 | D:7      | Reached XP level 9. HP: 79/79 MP: 8/8
  6357 | D:7      | Found a stormy altar of Qazlal.
  6492 | D:7      | Reached skill level 10 in Axes
  6508 | D:7      | HP: 4/80 [poisoned by an orc wizard]
  7181 | D:8      | Found a blossoming altar of Fedhas.
  7406 | D:8      | Reached skill level 11 in Axes
  7710 | D:9      | Found Qutudoit's Assorted Antiques.
  7719 | D:9      | Bought a pair of gloves for 126 gold pieces
  7772 | D:9      | Reached XP level 10. HP: 90/90 MP: 9/9
  7844 | D:9      | Received a gift from Trog
  7886 | D:9      | HP: 4/90 [electric eel/bolt of electricity (12)]
  8310 | D:9      | Found a staircase to the Lair.
  8939 | Lair:1   | Entered Level 1 of the Lair of Beasts
  8980 | Lair:1   | Found a gate leading to a gauntlet.
  9056 | Lair:1   | Reached skill level 12 in Axes
  9127 | Lair:1   | Noticed a black mamba
  9135 | Lair:1   | Killed a black mamba
  9169 | Lair:1   | Noticed a spiny frog
  9176 | Lair:1   | Killed a spiny frog
  9411 | Lair:1   | HP: 6/136 [fire bat (9)]
  9802 | Lair:1   | Noticed a spiny frog
  9822 | Lair:1   | Killed a spiny frog
  9822 | Lair:1   | Reached XP level 11. HP: 91/99 MP: 10/10
  9897 | Lair:1   | Reached skill level 13 in Axes
 10322 | Lair:1   | Reached skill level 10 in Fighting
 10692 | Lair:2   | Found a hole to the Spider Nest.
 10710 | Lair:2   | Paralysed by a hornet for 1 turns
 11524 | Lair:3   | Reached skill level 10 in Armour
 11686 | Lair:3   | Noticed Fannar
 11705 | Lair:3   | Killed Fannar
 11982 | Lair:3   | Noticed Nergalle
 11994 | Lair:3   | Killed Nergalle
 12456 | Lair:4   | Noticed a catoblepas
 12467 | Lair:4   | Killed a catoblepas
 12467 | Lair:4   | Reached skill level 14 in Axes
 12606 | Lair:4   | Noticed Kirke
 12622 | Lair:4   | Killed Kirke
 12622 | Lair:4   | Reached skill level 10 in Dodging
 12622 | Lair:4   | Reached XP level 12. HP: 110/110 MP: 11/11
 12925 | Lair:4   | Found a staircase to the Shoals.
 13379 | Lair:5   | Noticed Rupert
 13391 | Lair:5   | Killed Rupert
 13391 | Lair:5   | Reached skill level 15 in Axes
 13481 | Lair:5   | Found a runed translucent door.
 13481 | Lair:5   | Noticed a death yak
 13481 | Lair:5   | Noticed DavidChitty2's ghost (journeyman HOFi)
 13727 | Lair:5   | Noticed Sonja
 13732 | Lair:5   | Killed Sonja
 13893 | Lair:5   | Found a dark tunnel.
 13902 | Volcano  | Entered a volcano
 13908 | Volcano  | Paralysed by a wizard for 6 turns
 13917 | Volcano  | Paralysed by a wizard for 3 turns
 13998 | Volcano  | Cast into level 2 of the Abyss (a wizard)
 14318 | Abyss:2  | Noticed a profane servitor
 14325 | Abyss:2  | HP: 3/112 [profane servitor/+3 whip of pain (11)]
 14325 | Abyss:2  | Slain by a profane servitor

Skill      XL: |  1  2  3  4  5  6  7  8  9 10 11 12 |
---------------+-------------------------------------+-----
Axes           | 4 5 6 7 9 11 12 14 15 | 15.6
Fighting       | 4 5 6 7 8 9 11 | 11.8
Armour         | 3 4 5 6 8 9 10 11 | 11.6
Dodging        | 3 4 5 6 7 8 10 | 10.8

Action                   |  1- 3 |  4- 6 |  7- 9 | 10-12 || total
-------------------------+-------+-------+-------+-------++-------
Melee: Hand axe          |    95 |   161 |   215 |       ||   471
       Headbutt          |    11 |    27 |    81 |    77 ||   196
       War axe           |       |       |   160 |   359 ||   519
Invok: Berserk           |     1 |     3 |     6 |     6 ||    16
       Trog's Hand       |       |     1 |     3 |     7 ||    11
       Brothers in Arms  |       |       |     1 |       ||     1
  Use: Scroll            |       |       |     9 |    11 ||    20
       Potion            |       |       |     5 |     1 ||     6
 Stab: Sleeping          |     2 |       |       |       ||     2
  Eat: Chunk             |     1 |    10 |    15 |    17 ||    43
       Ration            |       |       |     2 |     4 ||     6
Armor: Animal skin       |    14 |     1 |       |       ||    15
       Scale mail        |       |    54 |    56 |       ||   110
       Chain mail        |       |       |    79 |       ||    79
       Plate armour      |       |       |    15 |   141 ||   156
       Skin              |       |       |       |    38 ||    38
Dodge: Dodged            |    44 |    70 |   141 |   134 ||   389
Block: Shield            |       |       |    58 |   147 ||   205
